 Dungeon Crawl Stone Soup version 0.20-a0-876-g2c7b0bf (webtiles) character file.

46 Dfrag the Firebug (level 3, -2/24 HPs)
             Began as a Demonspawn Fire Elementalist on Mar 15, 2017.
             Slain by a worm (10 damage)
             ... on level 2 of the Dungeon.
             The game lasted 00:02:00 (1378 turns).

Dfrag the Firebug (Demonspawn Fire Elementalist)    Turns: 1378, Time: 00:02:01

Health: -2/24      AC:  2    Str:  8    XL:     3   Next: 44%
Magic:  4/6        EV: 12    Int: 17    God:
Gold:   62         SH:  0    Dex: 13    Spells: 6/7 levels left

rFire    . . .     SeeInvis .   i - +3 mace
rCold    . . .     Gourm    .   a - +0 robe
rNeg     . . .     Faith    .   (no shield)
rPois    .         Spirit   .   (no helmet)
rElec    .         Reflect  .   (no cloak)
rCorr    .         Harm     .   (no gloves)
MR       .....                  (no boots)
Stlth    ++........             (no amulet)
Regen    0.1/turn               (no ring)
MPRegen  0.1/turn               (no ring)

@: no status effects
A: demonic guardian 1
a: no special abilities


You were on level 2 of the Dungeon.
You were not hungry.

You visited 1 branch of the dungeon, and saw 2 of its levels.

You collected 62 gold pieces.

Inventory:

Hand Weapons
 i - a +3 mace (weapon)
Armour
 a - a +0 robe (worn)
Scrolls
 d - a scroll of recharging {unknown}
 g - a scroll of magic mapping {unknown}
 j - a scroll of identify {unknown}
Potions
 e - a potion of curing {unknown}
 h - 2 potions of haste {unknown}
Books
 b - a book of Flames

   Spells                             Type                      Level
   a - Flame Tongue                   Conjuration/Fire             1
   b - Throw Flame                    Conjuration/Fire             2
   c - Conjure Flame                  Conjuration/Fire             3
   d - Inner Flame                    Hexes/Fire                   3
   e - Sticky Flame                   Conjuration/Fire             4
   f - Fireball                       Conjuration/Fire             5
Comestibles
 c - 3 bread rations
 f - 2 fruits


   Skills:
 - Level 1.7 Dodging
 - Level 1.7 Stealth
 + Level 2.6 Spellcasting
 + Level 2.0 Conjurations
 + Level 3.2 Fire Magic


You had 6 spell levels left.
You knew the following spells:

 Your Spells              Type           Power        Failure   Level  Hunger
a - Flame Tongue          Conj/Fire      ##...        10%         1    #......


Dungeon Overview and Level Annotations

Branches:
Dungeon (2/15)

Altars:


Innate Abilities, Weirdness & Mutations

A weak demonic guardian rushes to your aid.


Message History

There are monsters nearby!
There are monsters nearby!
There are monsters nearby!
Casting: Flame Tongue
Confirm with . or Enter, or press ? or * to list all spells.
Aiming: Flame Tongue
Press: ? - help, Shift-Dir - straight line, f - worm
Aim: a worm The flame tongue hits the worm.
The worm is moderately wounded.
The bat hits you.
Casting: Flame Tongue
Confirm with . or Enter, or press ? or * to list all spells.
Aiming: Flame Tongue
Press: ? - help, Shift-Dir - straight line, f/p - worm
Aim: a worm (moderately wounded)
The flame tongue hits the worm.
The worm appears unharmed.
The worm is moderately wounded.
The bat hits you but does no damage. The worm bites you!
You die...

......#.[###.# #......
#.......!...#+###.#####
#.....†..#........#
#........#........#
#.$......#........#
#...........#+###.#
#.......##.## #.#
##......b....# #.#
#......@.##..# #.#
+......w.+...# #.#
#........# # #.# #
.......... ..... .
..#.....#.# .#.##.##
........#.# ........
####.##.#.# ...##.## ..
....# ....#... .......


You could see a worm and a bat.

Vanquished Creatures
  A worm (D:2)
  2 dart slugs
  3 giant cockroaches
  4 hobgoblins
  4 jackals (D:1)
  4 kobolds
  10 bats
  2 frilled lizards (D:1)
  3 goblins
  5 rats
38 creatures vanquished.

Notes
Turn   | Place    | Note
-------+----------+-------------------------------------------
     0 | D:1      | Dfrag the Demonspawn Fire Elementalist began the quest for the Orb.
     0 | D:1      | Reached XP level 1. HP: 13/13 MP: 3/3
   156 | D:1      | Gained mutation: A weak demonic guardian rushes to your aid. [demonic ancestry]
   156 | D:1      | Reached XP level 2. HP: 9/19 MP: 3/5
   160 | D:1      | Reached skill level 3 in Fire Magic
   683 | D:1      | Reached XP level 3. HP: 20/24 MP: 4/6
  1378 | D:2      | Slain by a worm

Vault maps used:
D:1:      erik_arrival_cave_to_civilisation, kennysheep_pointless_box
D:2:      first_bread, minmay_misc_feat_columns

Skill      XL: |  1  2 |
---------------+-------+-----
Fire Magic     | 3 |  3.2
Conjurations   | 2 |  2.0
Dodging        | |  1.7
Stealth        | |  1.7
Spellcasting   | |  2.6

Action                   || total
-------------------------++-------
Melee: Unarmed           ||    71
       Mace              ||    23
 Cast: Flame Tongue      ||    55
 Stab: Sleeping          ||     1
  Eat: Chunk             ||     2
Armor: Robe              ||    26
Dodge: Dodged            ||    82
